 Dungeon Crawl Stone Soup version 0.30-a0-757-ga6a79fd877 (webtiles) character file.

Game seed: 4384321666696034702

263 theblackgale the Insei (level 5, 0/37 HPs)
             Began as a Demonspawn Transmuter on Feb 9, 2023.
             Was an Initiate of Ashenzari.
             Slain by Eustachio
             ... wielding a +0 rapier
              (8 damage)
             ... on level 5 of the Dungeon.
             The game lasted 00:24:19 (3819 turns).

theblackgale the Insei (Demonspawn Transmuter)      Turns: 3819, Time: 00:24:20

Health: 0/37       AC:  3    Str: 12    XL:     5   Next: 98%
Magic:  9/9        EV: 17    Int: 15    God:    Ashenzari [......]
Gold:   44         SH:  4    Dex: 13    Spells: 9/10 levels left

rFire   . . .      SeeInvis +      - Unarmed
rCold   . . .      Faith    .    (no shield)
rNeg    . . .      Spirit   .    a - +1 robe
rPois   .          Reflect  .    (helmet restricted)
rElec   .          Harm     .    (no cloak)
rCorr   .          Rampage  .    (no gloves)
Will    .....                    (no boots)
Stlth   ++                       j - amulet of magic regeneration
HPRegen 0.26/turn                b - ring of see invisible
MPRegen 0.51/turn                i - +5 ring of evasion

@: no status effects
A: horns 1, large bone plates 1, powered by pain 1
a: Renounce Religion


You were on level 5 of the Dungeon.
You worshipped Ashenzari.
Ashenzari was noncommittal.
You visited 2 branches of the dungeon, and saw 6 of its levels.

You collected 254 gold pieces.
You spent 210 gold pieces at shops.

Inventory:

Hand Weapons
 c - a +0 sling
 g - a +0 club
Armour
 a - a +1 robe (worn)
Magical Staves
 f - a staff of air
Jewellery
 b - a ring of see invisible (left hand)
 d - a ring of protection from fire
 i - a +5 ring of evasion (right hand)
 j - an amulet of magic regeneration (around neck)
Scrolls
 e - 3 scrolls of identify
 h - a scroll of vulnerability
 k - a scroll of teleportation
 l - a scroll of poison {unknown}


   Skills:
 + Level 1.1 Fighting
 + Level 0.9 Ranged Weapons
 + Level 2.5 Dodging
 + Level 1.2 Stealth
 + Level 0.2 Shields
 + Level 4.4 Unarmed Combat
 + Level 3.1 Spellcasting
 + Level 2.4 Transmutations


You had 9 spell levels left.
You knew the following spells:

 Your Spells              Type           Power      Damage    Failure   Level
a - Beastly Appendage     Tmut           18%        N/A       8%          1

Your spell library contained the following spells:

 Spells                   Type           Power      Damage    Failure   Level
 Wereblood                Tmut           9%         N/A       11%         2
 Spider Form              Tmut/Pois      5%         N/A       36%         3
 Frozen Ramparts          Ice            4%         1d1       52%         3
 Ice Form                 Ice/Tmut       5%         N/A       77%         4
 Airstrike                Air            1%         2d(1-17)  89%         4
 Summon Ice Beast         Ice/Summ       2%         N/A       89%         4
 Summon Lightning Spire   Summ/Air       2%         N/A       89%         4
 Lightning Bolt           Conj/Air       1%         1d12      99%         5


Dungeon Overview and Level Annotations

Branches:
Dungeon (5/15)             Temple (1/1) D:4

Altars:
Ashenzari
Cheibriados
Dithmenos
Kikubaaqudgha
Makhleb
Okawaru
Qazlal
Sif Muna
Trog
Uskayaw
Wu Jian
Yredelemnul

Shops:
D:4 =

Annotations:
D:5 Eustachio
Temple 2 transporters


Innate Abilities, Weirdness & Mutations

You have a pair of small horns on your head.
You are partially covered in large bone plates. (SH +4)
You sometimes gain a little power by taking damage.


Message History

The quokka barely misses you. The ufetubus misses you.
The ufetubus barely misses you. Eustachio misses you.
You hit Eustachio but do no damage.
Eustachio is lightly wounded.
The bat completely misses you. The bat closely misses you.
The bat hits you but does no damage. You block the quokka's attack.
Eustachio hits you with a +0 rapier.
You barely miss Eustachio.
Eustachio is lightly wounded.
The bat completely misses you. The quasit bites you.
The quasit closely misses you. The quasit barely misses you.
The ufetubus hits you. The ufetubus completely misses you.
The quokka closely misses you. The bat completely misses you.
The ufetubus closely misses you. The ufetubus barely misses you.
You hit Eustachio.
You headbutt Eustachio, but do no damage.
Eustachio is lightly wounded.
The ufetubus misses you. The ufetubus closely misses you.
The bat hits you but does no damage. The quasit misses you.
The quasit closely misses you. You block the quasit's attack.
You block Eustachio's attack. You block the quokka's attack.
The ufetubus closely misses you. The ufetubus misses you.
The ufetubus hits you.
* * * LOW HITPOINT WARNING * * *
The ufetubus closely misses you. The quasit closely misses you.
The quasit barely misses you. You block the quasit's attack. The bat hits you.
* * * LOW HITPOINT WARNING * * *
You miss the quokka. You block the bat's attack. You block the quokka's attack.
The ufetubus completely misses you. The ufetubus barely misses you.
Eustachio hits you with a +0 rapier.
* * * LOW HITPOINT WARNING * * *
The ufetubus misses you. The ufetubus completely misses you.
The quasit barely misses you. The quasit completely misses you.
The quasit barely misses you.
You hit the quokka but do no damage. Your punch misses the quokka.
The bat hits you but does no damage. The ufetubus misses you.
The ufetubus closely misses you. The quokka closely misses you.
The ufetubus barely misses you. You block the ufetubus's attack.
Eustachio hits you with a +0 rapier!
You die...

.# ##.##.## .#
#..#.# ..#### .#
##...#######.....##
##
#..###........#..
##..............
##.###........#
#..###........####
#........5r5......
#..##†...5@@.#
........#..##b..<.#
..#######.##.#
.....# ...###
...!.# ~... .....#
~..♣.. .....# ....
.. .....# ...♣. .♣.
..>..#


You could see Eustachio, a quasit (summoned), 2 ufetubi, a quokka (summoned) and
a bat (summoned).

Vanquished Creatures
  A howler monkey (D:4)
  2 hounds (D:4)
  A jelly (D:5)
  4 gnolls (D:4)
  4 adders
  An ufetubus (D:4)
  A worm (D:2)
  2 dart slugs (D:2)
  3 orcs (D:4)
  3 endoplasms
  2 giant cockroaches
  8 goblins
  5 hobgoblins
  12 kobolds
  2 quokkas
  3 ball pythons
  2 frilled lizards (D:3)
  3 rats
59 creatures vanquished.

Notes
Turn   | Place    | Note
-------+----------+-------------------------------------------
     0 | D:1      | theblackgale the Demonspawn Transmuter began the quest for
                  | the Orb.
     0 | D:1      | Reached XP level 1. HP: 15/15 MP: 3/3
   144 | D:1      | Reached skill level 3 in Unarmed Combat
   169 | D:1      | Gained mutation: You sometimes gain a little power by
                  | taking damage. [demonic ancestry]
   169 | D:1      | Reached XP level 2. HP: 12/21 MP: 1/5
   991 | D:2      | Gained mutation: You are partially covered in large bone
                  | plates. (SH +4) [demonic ancestry]
   991 | D:2      | Reached XP level 3. HP: 26/26 MP: 4/6
  1162 | D:2      | Reached skill level 1 in Stealth
  2851 | D:3      | Found a stormy altar of Qazlal.
  2929 | D:4      | Gained mutation: You have a pair of small horns on your
                  | head. [demonic ancestry]
  2929 | D:4      | Reached XP level 4. HP: 25/32 MP: 8/8
  2969 | D:4      | Reached XP level 5. HP: 36/37 MP: 9/9
  3021 | D:4      | Reached skill level 4 in Unarmed Combat
  3037 | D:4      | Found Enguf's Jewellery Emporium.
  3054 | D:4      | Bought a ring of see invisible for 210 gold pieces
  3102 | D:4      | Found a staircase to the Ecumenical Temple.
  3132 | Temple   | Entered the Ecumenical Temple
  3132 | Temple   | Found a transporter.
  3132 | Temple   | Found a transporter.
  3134 | Temple   | Found a transporter.
  3134 | Temple   | Found a transporter.
  3501 | Temple   | Became a worshipper of Ashenzari the Shackled
  3733 | D:5      | Entered Level 5 of the Dungeon
  3758 | D:5      | Noticed a phantom
  3777 | D:5      | Noticed Eustachio
  3819 | D:5      | Slain by Eustachio

Illustrated notes

Levels and vault maps discovered:
D:1:      saegor_arrival_simple_c, layout_basic, minmay_misc_feat_tiny,
          minmay_misc_feat_enclosed, minmay_tetromino_t4
D:2:      layout_basic, hangedman_abyss_or_decor_stabs
D:3:      layout_basic, mainiacjoe_overflow_tiny_flanked
D:4:      layout_basic, nicolae_hepliaklqana_monster_ancestors,
          minmay_temple_entry_mist, serial_shops, shop
D:5:      layout_rooms, nicolae_ru_sacrificial_ziggurat, elyvilon_altar_4,
          uniq_sigmund, uniq_eustachio
Temple:   hellmonk_temple_divided_pantheon

Skill      XL: |  1  2  3  4  5 |
---------------+----------------+-----
Unarmed Combat | 3 4 |  4.4
Dodging        | 2 |  2.5
Transmutations | 2 |  2.4
Stealth        | 1 |  1.2
Spellcasting   | 3 |  3.1
Fighting       | |  1.1
Ranged Weapons | |  0.9
Shields        | |  0.2

Action                     |  1- 3 |  4- 6 || total
---------------------------+-------+-------++-------
  Melee: Unarmed           |    99 |    94 ||   193
         Kick              |    15 |    14 ||    29
         Headbutt          |     9 |     9 ||    18
         Punch             |     2 |     2 ||     4
         Staff             |     2 |       ||     2
   Fire: Sling             |       |     7 ||     7
   Cast: Beastly Appendage |    30 |     9 ||    39
    Use: Scroll            |     7 |     1 ||     8
         Potion            |    11 |     2 ||    13
   Stab: Sleeping          |       |     2 ||     2
 Armour: Robe              |    17 |    19 ||    36
         Skin              |       |    29 ||    29
  Dodge: Dodged            |    54 |   127 ||   181
  Block: Other             |     7 |    32 ||    39

Table legend: (Time is in decaauts)
 A = Elapsed time spent in this place.
 B = Non-inter-level travel time spent in this place.
 C = Inter-level travel time spent in this place.
 D = Time resting spent in this place.
 E = Time spent auto-exploring this place.
 F = Levels seen in this place.
 G = Mean time per level.
                   A        B        C        D        E       F      G
               +--------+--------+--------+--------+--------+-----+--------+
         Total |   3798 |   1542 |   2256 |    943 |      0 |   6 |  633.0 |
       Dungeon |   3410 |   1218 |   2192 |    625 |      0 |   5 |  682.0 |
        Temple |    387 |    323 |     64 |    318 |      0 |   1 |  387.0 |
               +--------+--------+--------+--------+--------+-----+--------+

Top non-repeatable levels by time:
     D:2: 1810 daAuts
     D:1: 669 daAuts
     D:4: 445 daAuts
     D:3: 404 daAuts
  Temple: 387 daAuts
     D:5: 81 daAuts
